[Event "Titled Tuesday Blitz August 08 Late 2023"]
[White "Fiorito, Joaquin"]
[Black "Ibadov, Dashgyn"]
[WhiteFideId "180173"]
[BlackFideId "24107514"]
[WhiteElo "2700"]
[BlackElo "2513"]
[Result "1-0"]
[Round "6"]
[TimeControl "180+1"]
[Date "2023.08.08"]
[WhiteClock "0:01:51"]
[BlackClock "0:01:13"]
[Board "55"]

1. d4 Nf6 2. c4 c5 3. d5 d6 4. Nc3 g6 5. e4 Bg7 6. Nf3 O-O 7. h3 e6 8. Bd3 exd5 9. exd5 Re8+ 10. Be3 Rxe3+ 11. fxe3 Qe7 12. O-O Nbd7 13. Qd2 Nh5 14. Rae1 Ng3 15. Rf2 Ne5 16. Nxe5 Bxe5 17. Rf4 Bd7 18. Qf2 Bxf4 19. exf4 Qh4 20. Ne4 Nf5 21. Qxh4 Nxh4 22. Nf6+ Kg7 23. Nxd7 Rd8 24. Re7 h6 25. Kf2 g5 26. f5 Kg8 27. g3 1-0


[Site "https://www.chess.com"]

[Event "Titled Tuesday Blitz August 08 Late 2023"]
[White "Matinian, Nikita"]
[Black "Yu, Jennifer"]
[WhiteFideId "24129100"]
[BlackFideId "2078341"]
[WhiteElo "2697"]
[BlackElo "2511"]
[Result "1-0"]
[Round "6"]
[TimeControl "180+1"]
[Date "2023.08.08"]
[WhiteClock "0:00:08"]
[BlackClock "0:00:14"]
[Board "56"]

1. e4 e5 2. Nf3 Nc6 3. Bb5 a6 4. Ba4 Nf6 5. O-O b5 6. Bb3 Bb7 7. d3 Bc5 8. Bg5 h6 9. Bxf6 Qxf6 10. Nc3 Nd4 11. Nxd4 Bxd4 12. a4 b4 13. Ne2 Bxb2 14. Rb1 Bd4 15. Nxd4 exd4 16. f4 O-O 17. Qd2 a5 18. Rf3 Rad8 19. Rbf1 d5 20. e5 Qf5 21. h3 c5 22. g4 Qe6 23. Re1 f5 24. exf6 Qxf6 25. Kh2 Kh8 26. f5 Rde8 27. Rxe8 Rxe8 28. Qf4 c4 29. Ba2 Qh4 30. Rg3 b3 31. cxb3 c3 32. Bb1 Re2+ 33. Rg2 Qe1 34. f6 Rxg2+ 35. Kxg2 Qxb1 36. f7 Qc2+ 37. Kg3 Qxd3+ 38. Qf3 Qxf3+ 39. Kxf3 c2 40. f8=Q+ Kh7 41. Qc5 d3 42. Ke3 Ba6 43. Kd2 Kg6 44. Qc6+ Kg5 45. Qxa6 Kh4 46. Qxd3 g6 47. Qxd5 Kxh3 48. Kxc2 Kxg4 49. Qxa5 h5 50. b4 h4 51. b5 h3 52. b6 h2 53. Qd5 Kh3 54. b7 g5 55. b8=Q 1-0


[Site "https://www.chess.com"]

[Event "Titled Tuesday Blitz August 08 Late 2023"]
[White "Grinev, Valeriy"]
[Black "Sokolovsky, Yahli"]
[WhiteFideId "14117517"]
[BlackFideId "2820242"]
[WhiteElo "2509"]
[BlackElo "2694"]
[Result "0-1"]
[Round "6"]
[TimeControl "180+1"]
[Date "2023.08.08"]
[WhiteClock "0:01:14"]
[BlackClock "0:00:12"]
[Board "57"]

1. e4 d6 2. d4 g6 3. f3 Bg7 4. c4 Nf6 5. Be3 Nc6 6. Qd2 e5 7. d5 Nd4 8. Ne2 c5 9. dxc6 Nxc6 10. Nbc3 O-O 11. O-O-O Qa5 12. Qxd6 Be6 13. Ng3 Nd4 14. Kb1 Rfd8 15. Qa3 Qxa3 16. bxa3 Bf8 17. Kb2 Rac8 18. Nd5 Bxd5 19. exd5 b5 20. Bxd4 exd4 21. cxb5 Nxd5 22. Bd3 Nf4 23. Rd2 Rc3 24. Rhd1 Bxa3+ 25. Kb1 Rdc8 26. Rc2 Nxd3 27. Rxc3 Rxc3 28. Ne4 Rc8 29. Nd2 Nf2 30. Nb3 Nxd1 31. Nxd4 Nc3+ 32. Kc2 Nxb5+ 33. Kd3 Nxd4 34. Kxd4 Rc2 35. g4 Rxa2 36. h3 Rh2 37. Ke4 Rxh3 38. g5 Rg3 39. Kf4 Rg2 40. Ke4 Rxg5 41. f4 Rf5 0-1


[Site "https://www.chess.com"]

[Event "Titled Tuesday Blitz August 08 Late 2023"]
[White "Toncheva, Nadya"]
[Black "Rastbod, Ali"]
[WhiteFideId "2924056"]
[BlackFideId "12567477"]
[WhiteElo "2505"]
[BlackElo "2687"]
[Result "0-1"]
[Round "6"]
[TimeControl "180+1"]
[Date "2023.08.08"]
[WhiteClock "0:00:00"]
[BlackClock "0:00:23"]
[Board "58"]

1. e4 Nf6 2. e5 Nd5 3. c4 Nb6 4. d4 d6 5. exd6 cxd6 6. Nc3 g6 7. Be3 Bg7 8. Be2 O-O 9. Nf3 Bg4 10. Nd2 Bxe2 11. Qxe2 Nc6 12. Nf3 e5 13. d5 Nd4 14. Qd3 Rc8 15. Nd2 f5 16. f3 Qc7 17. b3 a6 18. O-O Nd7 19. Rac1 b5 20. Kh1 Nc5 21. Qb1 b4 22. Na4 Nxa4 23. bxa4 Qa5 24. Bxd4 exd4 25. Qb3 Bh6 26. Rcd1 Rfe8 27. Nb1 Re3 28. Qc2 Qxd5 29. a3 Qxc4 30. Qxc4+ Rxc4 31. axb4 Rxb4 32. a5 d5 33. Nd2 Re2 34. Nb1 Rbb2 35. Rxd4 Bg5 36. Rxd5 Rxg2 37. Re1 Rxh2+ 38. Kg1 Rbg2+ 39. Kf1 Kg7 40. Rd7+ Kh6 41. Rd3 Ra2 42. Kg1 Bf4 43. Nc3 Rag2+ 44. Kf1 Bb8 45. Re2 Rxe2 46. Nxe2 Rh1+ 47. Kg2 Ra1 48. Rd5 Ra2 49. Kf1 Bc7 50. Nd4 Rxa5 51. Rd7 Be5 52. Ne6 Ra2 53. Nf8 Kg5 54. Nxh7+ Kf4 55. Nf8 Kxf3 56. Ke1 Ra1+ 57. Kd2 Bf4+ 58. Kc2 g5 59. Rd5 Ke4 60. Rc5 Rc1+ 0-1


[Site "https://www.chess.com"]

[Event "Titled Tuesday Blitz August 08 Late 2023"]
[White "Remolar Gallen, Jose"]
[Black "MKlose11"]
[WhiteFideId "2215187"]
[WhiteElo "2504"]
[BlackElo "2663"]
[Result "0-1"]
[Round "6"]
[TimeControl "180+1"]
[Date "2023.08.08"]
[WhiteClock "0:00:00"]
[BlackClock "0:00:52"]
[Board "59"]

1. e4 e6 2. d4 d5 3. e5 c5 4. c3 Nc6 5. Nf3 Bd7 6. Be2 Qb6 7. a3 Nh6 8. b4 cxd4 9. cxd4 Nf5 10. Bb2 Na5 11. g4 Nh6 12. Nfd2 Rc8 13. Bc3 Nc4 14. Nxc4 dxc4 15. Nd2 Qc6 16. Bf3 Qc7 17. Qe2 Bc6 18. Ne4 Bd5 19. Rc1 b5 20. h4 Be7 21. Bd2 Qc6 22. Rc3 Nxg4 23. Rg1 h5 24. Bg5 Bxg5 25. Nd6+ Kd7 26. hxg5 Rcf8 27. Rg3 Nh2 28. Bxd5 Qxd5 29. Kd2 h4 30. Rh3 Qg2 31. a4 Nf1+ 32. Kc2 a6 33. axb5 axb5 34. Nxb5 Ra8 35. d5 Ra2+ 36. Kb1 Rxe2 37. dxe6+ fxe6 0-1


[Site "https://www.chess.com"]

[Event "Titled Tuesday Blitz August 08 Late 2023"]
[White "Eugene, Floryan"]
[Black "Sebag, Marie"]
[WhiteFideId "20694784"]
[BlackFideId "617822"]
[WhiteElo "2661"]
[BlackElo "2499"]
[Result "1-0"]
[Round "6"]
[TimeControl "180+1"]
[Date "2023.08.08"]
[WhiteClock "0:00:13"]
[BlackClock "0:00:01"]
[Board "60"]

1. e4 c6 2. d4 d5 3. exd5 cxd5 4. c4 Nf6 5. Nc3 Nc6 6. Nf3 Be6 7. Qb3 Na5 8. Qb5+ Bd7 9. cxd5 e6 10. Qe2 Be7 11. g3 O-O 12. Bg2 Nxd5 13. Nxd5 exd5 14. O-O a6 15. Rd1 Bb5 16. Qe1 Bf6 17. Ne5 Re8 18. Bf4 Rc8 19. b3 Bc6 20. Qd2 Qb6 21. Rac1 h6 22. b4 Nc4 23. Nxc4 dxc4 24. Rxc4 Bxg2 25. Rxc8 Rxc8 26. Kxg2 Rc4 27. d5 Rxb4 28. Be3 Qd6 29. Rc1 Rb5 30. Qd3 Qxd5+ 31. Qxd5 Rxd5 32. a4 b5 33. axb5 axb5 34. Rb1 g6 35. Kf3 Kg7 36. Ke4 Rf5 37. f4 h5 38. h3 Bc3 39. Rb3 b4 40. g4 hxg4 41. hxg4 Rf6 42. Bc5 Re6+ 43. Kf3 f5 44. gxf5 gxf5 45. Bxb4 Bxb4 46. Rxb4 Kg6 47. Rb5 Rf6 48. Re5 Rd6 49. Kg3 Rf6 50. Kh4 Rb6 51. Rd5 Rb1 52. Rd6+ Kf7 53. Kg5 Ke7 54. Ra6 Rb5 55. Rf6 Rb3 56. Rxf5 Rg3+ 57. Kh4 Rg1 58. Rg5 Rh1+ 59. Kg4 Kf8 60. Rb5 Rg1+ 61. Kf5 Rc1 62. Rb6 Rc5+ 63. Kf6 Rc7 64. f5 Rf7+ 65. Kg5 Rg7+ 66. Kh5 Rh7+ 67. Kg6 Rg7+ 68. Kf6 Rf7+ 69. Ke5 Re7+ 70. Kf4 Kf7 71. Kg5 Ra7 72. Rh6 Rc7 73. Rh7+ Kg8 74. Rxc7 1-0


[Site "https://www.chess.com"]

[Event "Titled Tuesday Blitz August 08 Late 2023"]
[White "Seemann, Jakub"]
[Black "Reprintsev, Alexander"]
[WhiteFideId "21874697"]
[BlackFideId "14100541"]
[WhiteElo "2654"]
[BlackElo "2498"]
[Result "1/2-1/2"]
[Round "6"]
[TimeControl "180+1"]
[Date "2023.08.08"]
[WhiteClock "0:00:05"]
[BlackClock "0:00:15"]
[Board "61"]

1. c4 e5 2. Nc3 Bb4 3. e3 Bxc3 4. bxc3 d6 5. Ne2 c5 6. g3 Nc6 7. Bg2 Be6 8. d3 Qd7 9. h3 f5 10. e4 Nf6 11. exf5 Bxf5 12. g4 Bg6 13. Ng3 O-O 14. Be3 Rae8 15. g5 Kh8 16. gxf6 gxf6 17. Bh6 Rg8 18. Qg4 f5 19. Qh4 Re6 20. Bd5 f4 21. Bxe6 Qxe6 22. Ne4 Bxe4 23. dxe4 Rg6 24. Bg5 Qxc4 25. Kd2 Qxe4 26. Bf6+ Kg8 27. Rhg1 Na5 28. Rxg6+ Qxg6 29. Qg5 Nc4+ 30. Ke2 Kf7 31. Qxg6+ hxg6 32. Bg5 b5 33. h4 a5 34. a4 b4 35. cxb4 cxb4 36. Rc1 d5 37. Kd3 Ke6 38. f3 Kf5 39. Bd8 Nb2+ 40. Ke2 Nxa4 41. Bxa5 b3 42. Rb1 b2 43. Kd3 e4+ 44. fxe4+ dxe4+ 45. Kc4 e3 46. Kd3 Nc5+ 47. Ke2 Ke4 48. Rxb2 f3+ 49. Kf1 e2+ 50. Kg1 Nd3 51. Rb4+ Nxb4 52. Bxb4 Kf4 53. Be1 Kg4 54. Kf2 Kxh4 55. Kxf3+ Kg5 56. Kxe2 Kf6 57. Bd2 Ke6 58. Kf3 g5 59. Kg4 Kd5 60. Bxg5 1/2-1/2


[Site "https://www.chess.com"]

[Event "Titled Tuesday Blitz August 08 Late 2023"]
[White "Jovic, Stanoje"]
[Black "Weishaeutel, Moritz"]
[WhiteFideId "905020"]
[BlackFideId "12967300"]
[WhiteElo "2496"]
[BlackElo "2653"]
[Result "0-1"]
[Round "6"]
[TimeControl "180+1"]
[Date "2023.08.08"]
[WhiteClock "0:00:00"]
[BlackClock "0:00:04"]
[Board "62"]

1. c4 Nf6 2. g3 e6 3. Bg2 d5 4. Nf3 Be7 5. O-O O-O 6. d4 dxc4 7. Ne5 Nc6 8. Bxc6 bxc6 9. Nxc6 Qe8 10. Nxe7+ Qxe7 11. Na3 c5 12. Nxc4 Rd8 13. b3 cxd4 14. Ba3 Qd7 15. Rc1 Qd5 16. f3 Bb7 17. Be7 Rd7 18. Bxf6 gxf6 19. Qd2 d3 20. exd3 Qxd3 21. Qxd3 Rxd3 22. Kg2 Rad8 23. Rf2 R8d5 24. Re1 Ba6 25. Ne3 Re5 26. Nc2 Rf5 27. Nb4 Rd6 28. Nxa6 Rxa6 29. Rc1 Rd5 30. Rc7 Ra3 31. g4 Rda5 32. Rcc2 Rd5 33. Kg3 f5 34. Rc7 Rda5 35. Rcc2 Kg7 36. h4 Rd5 37. Rc7 Kf6 38. g5+ Kg6 39. Rfc2 Rda5 40. Rb7 Rxa2 41. Rcc7 f4+ 42. Kxf4 Rf5+ 43. Ke3 a5 44. Rc8 Kg7 45. Rbb8 Kg6 46. Rh8 Re5+ 47. Kd3 Rh2 48. Rbg8+ Kf5 49. Rxh7 Rd5+ 50. Kc3 Rd7 51. g6 Kf6 52. gxf7 Rxf7 53. Rxf7+ Kxf7 54. Kc4 Kxg8 55. Kb5 Rxh4 56. Kxa5 Rf4 57. b4 Rxf3 58. b5 Rb3 59. Ka4 Rb1 0-1


[Site "https://www.chess.com"]

[Event "Titled Tuesday Blitz August 08 Late 2023"]
[White "Hua, Lefong"]
[Black "Sadilek, Peter"]
[WhiteFideId "2602253"]
[BlackFideId "1616439"]
[WhiteElo "2646"]
[BlackElo "2487"]
[Result "1-0"]
[Round "6"]
[TimeControl "180+1"]
[Date "2023.08.08"]
[WhiteClock "0:02:01"]
[BlackClock "0:00:41"]
[Board "63"]

1. d4 d5 2. c4 dxc4 3. Nf3 Nf6 4. e3 e6 5. Bxc4 c5 6. O-O cxd4 7. exd4 Be7 8. Nc3 O-O 9. Bg5 a6 10. Bb3 Nc6 11. Re1 h6 12. Bh4 Nb4 13. a3 Nbd5 14. Bc2 Bd7 15. Ne5 Rc8 16. Qd3 Nf4 17. Qf3 N6d5 18. Nxd7 Qxd7 19. Bxe7 Qxe7 20. Qe4 f5 21. Qf3 Nxc3 22. bxc3 Nd5 23. Qxd5 1-0


[Site "https://www.chess.com"]

[Event "Titled Tuesday Blitz August 08 Late 2023"]
[White "Zeman, Matyas"]
[Black "Wieczorek, Oskar"]
[WhiteFideId "364398"]
[BlackFideId "1133950"]
[WhiteElo "2487"]
[BlackElo "2643"]
[Result "1-0"]
[Round "6"]
[TimeControl "180+1"]
[Date "2023.08.08"]
[WhiteClock "0:00:05"]
[BlackClock "0:00:00"]
[Board "64"]

1. d4 Nf6 2. Nf3 c5 3. d5 g6 4. Nc3 Bg7 5. e4 d6 6. Bb5+ Nfd7 7. a4 Na6 8. O-O Nc7 9. Be2 O-O 10. Be3 Rb8 11. Nd2 b6 12. Nc4 a6 13. Ra2 Ne5 14. Nxe5 Bxe5 15. Qd2 b5 16. axb5 axb5 17. Rfa1 b4 18. Nd1 e6 19. Bg5 f6 20. Bh6 Rf7 21. Ne3 f5 22. Nc4 Bd4 23. c3 bxc3 24. bxc3 Bxf2+ 25. Kxf2 fxe4+ 26. Kg1 exd5 27. Ne3 Be6 28. Bg4 Qf6 29. Bxe6 Qxe6 30. Ra7 g5 31. Bxg5 Rbf8 32. Rxc7 Rxc7 33. Nxd5 Rcf7 34. Be3 Rf5 35. c4 h5 36. h3 R5f7 37. Qe2 Qe5 38. Rd1 Rg7 39. Bh6 Rf3 40. Bxg7 Rg3 41. Bxe5 1-0


[Site "https://www.chess.com"]

[Event "Titled Tuesday Blitz August 08 Late 2023"]
[White "Domingo Nunez, Ruben"]
[Black "ChessSG1"]
[WhiteFideId "22245570"]
[WhiteElo "2630"]
[BlackElo "2482"]
[Result "1-0"]
[Round "6"]
[TimeControl "180+1"]
[Date "2023.08.08"]
[WhiteClock "0:02:01"]
[BlackClock "0:00:00"]
[Board "65"]

1. b3 d5 2. Bb2 c5 3. Nf3 f6 4. e3 e5 5. Bb5+ Nc6 6. c4 d4 7. exd4 cxd4 8. O-O Bc5 9. d3 Ne7 10. Nbd2 Bf5 11. Qe2 O-O 12. a3 a6 13. Ba4 Rb8 14. b4 b5 15. Bb3 Kh8 16. bxc5 bxc4 17. dxc4 Na5 18. Qd1 Bd3 19. Re1 Nxb3 20. Nxb3 Bxc4 21. Nfd2 Bd5 22. Rb1 Qd7 23. Ba1 Qa4 24. Nxd4 Qxd1 25. Rbxd1 Ng6 26. Nc2 Rfc8 27. Nb4 Ba8 28. Nc4 Rxc5 29. Nxa6 Rbc8 30. Nxc5 1-0


[Site "https://www.chess.com"]

[Event "Titled Tuesday Blitz August 08 Late 2023"]
[White "Tologon tegin, Semetei"]
[Black "Garakov, Mikhael"]
[WhiteFideId "13800574"]
[BlackFideId "4169034"]
[WhiteElo "2618"]
[BlackElo "2482"]
[Result "1-0"]
[Round "6"]
[TimeControl "180+1"]
[Date "2023.08.08"]
[WhiteClock "0:00:36"]
[BlackClock "0:00:01"]
[Board "66"]

1. e4 c5 2. Nf3 e6 3. d4 cxd4 4. Nxd4 Nc6 5. Nc3 Qc7 6. g3 a6 7. Bg2 Nf6 8. O-O Be7 9. a4 O-O 10. Nb3 b6 11. Be3 d6 12. f4 Bb7 13. Qe2 Nd7 14. g4 Nc5 15. Nd2 Nb4 16. Rac1 Rfe8 17. g5 d5 18. e5 Rad8 19. Nf3 Ne4 20. Nxe4 dxe4 21. Nd4 Bc5 22. c3 Nd3 23. Rcd1 Bxd4 24. Bxd4 Qc6 25. b3 b5 26. axb5 axb5 27. b4 Qc4 28. Bxe4 Nxf4 29. Qxc4 Nh3+ 30. Kg2 Bxe4+ 31. Kxh3 bxc4 32. Bc5 Rxd1 33. Rxd1 Bd5 34. b5 Rb8 35. b6 h6 36. gxh6 gxh6 37. Rb1 Kh7 38. Bd6 Rb7 39. Bc7 Kg6 40. Rf1 h5 41. Kh4 Be4 42. Rf6+ Kg7 43. Kxh5 Bg6+ 44. Kg5 Bf5 45. h4 Be4 46. h5 Bf5 47. Rxf5 exf5 48. Kxf5 Kh6 49. Kf6 Kxh5 50. Kxf7 1-0


[Site "https://www.chess.com"]

[Event "Titled Tuesday Blitz August 08 Late 2023"]
[White "Hristodoulou, Panagiotis"]
[Black "Arabidze, Meri"]
[WhiteFideId "4214340"]
[BlackFideId "13604040"]
[WhiteElo "2482"]
[BlackElo "2615"]
[Result "1-0"]
[Round "6"]
[TimeControl "180+1"]
[Date "2023.08.08"]
[WhiteClock "0:00:39"]
[BlackClock "0:00:03"]
[Board "67"]

1. d4 d5 2. Nc3 e6 3. Bf4 Bd6 4. e3 a6 5. Nf3 Ne7 6. Bd3 Ng6 7. Bg3 Nd7 8. O-O Qe7 9. e4 Bxg3 10. hxg3 c6 11. Re1 h5 12. exd5 Ndf8 13. dxe6 Bxe6 14. d5 cxd5 15. Nxd5 Qc5 16. Bxg6 Nxg6 17. Qd4 Qxd4 18. Nxd4 O-O-O 19. Nxe6 Rxd5 20. Nf4 Nxf4 21. gxf4 Rhd8 22. Kf1 h4 23. Re3 Rd2 24. Rc1 f6 25. Rh3 g5 26. fxg5 fxg5 27. Ke1 R2d5 28. Rd3 Re5+ 29. Kd2 Rde8 30. Re3 Rxe3 31. fxe3 g4 32. Rh1 Rh8 33. Kd3 Kd7 34. Ke4 Ke6 35. Kf4 h3 36. Kxg4 hxg2 37. Rg1 Ke5 38. Kf3 Rh3+ 39. Kf2 Ke4 40. Rxg2 Rf3+ 41. Ke1 Kxe3 42. Rg7 b5 43. Re7+ Kd4 44. Kd2 Rf2+ 45. Re2 Rf6 46. Rh2 Rg6 47. Rh4+ Kc5 48. b3 a5 49. a3 Rg2+ 50. Kc3 Rg3+ 51. Kb2 Rg5 52. b4+ axb4 53. axb4+ Kd5 54. Kb3 Rg6 55. Rh5+ Kc6 56. Rc5+ Kb6 57. Rd5 Rf6 58. Kc3 Rf3+ 59. Rd3 Rf6 60. Re3 Rg6 61. Kd3 Rd6+ 62. Ke4 Rh6 63. c3 Rh4+ 64. Kd5 Rc4 65. Rh3 Kb7 66. Kd6 Kb6 67. Rg3 Rc6+ 68. Kd7 Rc4 69. Rd3 Kb7 70. Ke6 Kb6 71. Kd6 Rc6+ 72. Kd7 Rc4 73. Rd6+ Kb7 74. Rd5 Kb6 75. Rd3 Rc7+ 76. Ke6 Rc6+ 77. Rd6 Kc7 78. Rxc6+ Kxc6 79. Ke5 Kb6 80. Kd6 Kb7 81. Kc5 Ka6 82. Kc6 1-0


[Site "https://www.chess.com"]

[Event "Titled Tuesday Blitz August 08 Late 2023"]
[White "Kubatko, Ivan"]
[Black "Vaibhav Jayant Raut"]
[WhiteFideId "24111473"]
[BlackFideId "5089034"]
[WhiteElo "2461"]
[BlackElo "2602"]
[Result "0-1"]
[Round "6"]
[TimeControl "180+1"]
[Date "2023.08.08"]
[WhiteClock "0:00:00"]
[BlackClock "0:00:14"]
[Board "68"]

1. e4 c6 2. d4 d5 3. exd5 cxd5 4. c4 Nf6 5. Nc3 Nc6 6. Bg5 e6 7. Nf3 Bb4 8. Bd3 dxc4 9. Bxc4 Qa5 10. O-O Bxc3 11. bxc3 Qxc3 12. Rc1 Qa5 13. Bxf6 gxf6 14. d5 exd5 15. Re1+ Be6 16. Bxd5 Rd8 17. Bxc6+ bxc6 18. Qc2 O-O 19. Qxc6 Qxa2 20. Ra1 Qb2 21. Rxa7 Bd5 22. Qc1 Qxc1 23. Rxc1 Bxf3 24. gxf3 Rd3 25. Rcc7 Rxf3 26. Kg2 Rf5 27. f3 Kg7 28. h4 h5 29. Kg3 Kg6 30. Kf2 Rf4 31. Kg3 Rb4 32. Re7 Rb3 33. Reb7 Rc3 34. Rc7 Rxc7 35. Rxc7 Ra8 36. Rb7 Ra1 37. Rb8 Rg1+ 38. Kf4 Rh1 39. Kg3 Re1 40. Ra8 Kf5 41. Ra5+ Re5 42. Ra8 Rb5 43. Rd8 Ke5 44. Rh8 Ke6 45. Re8+ Kd7 46. Rf8 Ke7 47. Ra8 Rd5 48. Ra7+ Kf8 49. Ra8+ Kg7 50. Rb8 f5 51. Kf4 Kg6 52. Rb6+ f6 53. Rb8 Rd4+ 54. Kg3 f4+ 55. Kh3 Rd5 56. Rg8+ Kf5 57. Rh8 Ke6 58. Re8+ Kd6 59. Rd8+ Ke5 60. Re8+ Kd6 61. Rd8+ Kc5 62. Rf8 Kd4 63. Rxf6 Ke3 64. Rh6 Kxf3 65. Rh8 Re5 66. Rf8 Ke3 67. Rf7 Re6 68. Rf8 f3 69. Kg3 Rg6+ 70. Kh2 Kf2 71. Re8 Kf1 72. Rf8 f2 73. Re8 Rg4 74. Kh3 Kg1 75. Rf8 f1=Q+ 0-1


[Site "https://www.chess.com"]

[Event "Titled Tuesday Blitz August 08 Late 2023"]
[White "Chen, Max"]
[Black "maksimys18"]
[WhiteFideId "2622440"]
[WhiteElo "2601"]
[BlackElo "2457"]
[Result "0-1"]
[Round "6"]
[TimeControl "180+1"]
[Date "2023.08.08"]
[WhiteClock "0:00:01"]
[BlackClock "0:00:17"]
[Board "69"]

1. e4 e6 2. Qe2 c5 3. Nf3 Nc6 4. g3 Nf6 5. Bg2 Be7 6. O-O d5 7. e5 Nd7 8. d3 Qc7 9. Bf4 b5 10. a4 b4 11. c4 dxc4 12. dxc4 Bb7 13. Nbd2 Nd4 14. Nxd4 cxd4 15. Rad1 Bxg2 16. Kxg2 Nc5 17. Nf3 d3 18. Qe3 Rd8 19. Rd2 Nxa4 20. Ra1 Nc5 21. Nd4 O-O 22. h4 Rxd4 23. Qxd4 Nb3 24. Qxa7 Qc6+ 25. Kg1 Bc5 26. Qa4 Qxa4 27. Rxa4 Nxd2 28. Bxd2 Rb8 29. b3 h6 30. Kg2 Kh7 31. Kf3 Kg6 32. Ra5 Bd4 33. Ke4 Bxf2 34. g4 Bxh4 35. c5 f5+ 36. exf6 gxf6 37. c6 Bf2 38. Kxd3 Rc8 39. Ra6 h5 40. gxh5+ Kxh5 41. Bxb4 e5 42. Bd6 Kg4 43. b4 Kf3 44. Kc4 e4 45. b5 e3 46. Ra3 Ke4 47. Ra2 f5 48. Kc5 e2+ 49. Kc4 e1=Q 50. Bb4 Qf1+ 51. Kb3 Qxb5 52. Rxf2 Rxc6 53. Rb2 Rc4 54. Ka3 f4 55. Re2+ Kf5 56. Rb2 f3 57. Rb3 Rxb4 58. Rxf3+ Ke4 59. Rf5 Qa4# 0-1


[Site "https://www.chess.com"]

[Event "Titled Tuesday Blitz August 08 Late 2023"]
[White "Ambartsumova, Karina"]
[Black "Nathan, Nitish"]
[WhiteFideId "4166299"]
[BlackFideId "30927870"]
[WhiteElo "2589"]
[BlackElo "2429"]
[Result "1/2-1/2"]
[Round "6"]
[TimeControl "180+1"]
[Date "2023.08.08"]
[WhiteClock "0:00:21"]
[BlackClock "0:01:09"]
[Board "70"]

1. c4 c6 2. Nf3 Nf6 3. d4 d5 4. g3 dxc4 5. Bg2 g6 6. Ne5 Bg7 7. O-O Ng4 8. Nxg4 Bxg4 9. Be3 O-O 10. Na3 Be6 11. Qc2 Bd5 12. f3 b5 13. Bf2 b4 14. Nxc4 Nd7 15. e4 Be6 16. Rad1 Nb6 17. b3 Nxc4 18. bxc4 a5 19. d5 Bc8 20. f4 cxd5 21. Rxd5 Qe8 22. e5 Bb7 23. Rc5 Bxg2 24. Kxg2 Qd7 25. Rd1 Qb7+ 26. Kg1 Rfc8 27. Rxc8+ Rxc8 28. c5 e6 29. Rc1 Qc6 30. Qd3 Bf8 31. h3 Rc7 32. Kh2 Rd7 33. Qc2 Rd5 34. g4 Bh6 35. Be3 1/2-1/2


[Site "https://www.chess.com"]

[Event "Titled Tuesday Blitz August 08 Late 2023"]
[White "Sun, Rick"]
[Black "Bueno, Alfeu Junior Varela"]
[WhiteFideId "30909481"]
[BlackFideId "2108879"]
[WhiteElo "2588"]
[BlackElo "2424"]
[Result "1-0"]
[Round "6"]
[TimeControl "180+1"]
[Date "2023.08.08"]
[WhiteClock "0:00:10"]
[BlackClock "0:00:03"]
[Board "71"]

1. e4 e6 2. d4 d5 3. exd5 exd5 4. Nf3 Nc6 5. Bd3 Bg4 6. O-O Bd6 7. c4 Nge7 8. c5 Nxd4 9. cxd6 Qxd6 10. Qa4+ b5 11. Qxd4 Bxf3 12. gxf3 O-O 13. Bf4 Qd7 14. Nc3 c6 15. Rae1 Rfe8 16. Re2 Nf5 17. Bxf5 Qxf5 18. Rfe1 Rec8 19. Qe5 Qg6+ 20. Bg3 h6 21. Qd6 Qd3 22. Qf4 a5 23. Re7 Rf8 24. Nd1 Qb1 25. Qd2 Qxa2 26. Ne3 Qa4 27. Nf5 Qb3 28. Nxh6+ gxh6 29. Qxh6 Qxf3 30. R1e5 Qg4 31. Rg5+ Qxg5 32. Qxg5+ Kh7 33. Qh5+ Kg8 34. Be5 f6 35. Qh7# 1-0


[Site "https://www.chess.com"]

[Event "Titled Tuesday Blitz August 08 Late 2023"]
[White "Musovic, Armin"]
[Black "Romero Ruscalleda, Josep"]
[WhiteFideId "939935"]
[BlackFideId "2231859"]
[WhiteElo "2584"]
[BlackElo "2418"]
[Result "1-0"]
[Round "6"]
[TimeControl "180+1"]
[Date "2023.08.08"]
[WhiteClock "0:00:31"]
[BlackClock "0:00:00"]
[Board "72"]

1. a3 g6 2. Nc3 Bg7 3. e4 d6 4. Bc4 c5 5. d3 Nc6 6. Nge2 Nf6 7. O-O O-O 8. h3 e6 9. Bg5 h6 10. Bh4 g5 11. Bg3 d5 12. exd5 exd5 13. Ba2 Be6 14. f4 Qd7 15. fxg5 hxg5 16. Qd2 g4 17. Bh4 Nh7 18. Nf4 gxh3 19. Nh5 Bd4+ 20. Kh1 Kh8 21. g3 Bg4 22. Qh6 Bxh5 23. Qxh5 c4 24. Nxd5 Rad8 25. dxc4 Qe6 26. Rae1 Qg6 27. Qxg6 fxg6 28. Bxd8 Rxd8 29. c3 Bg7 30. Ne7 Nf8 31. Nxc6 bxc6 32. Kh2 Rd2+ 33. Kxh3 Rxb2 34. Bb1 Kh7 35. Re7 Rd2 36. Rxf8 1-0


[Site "https://www.chess.com"]

[Event "Titled Tuesday Blitz August 08 Late 2023"]
[White "Rego, Pedro Filipe"]
[Black "Krishnan, Varun"]
[WhiteFideId "1904310"]
[BlackFideId "5054508"]
[WhiteElo "2408"]
[BlackElo "2576"]
[Result "0-1"]
[Round "6"]
[TimeControl "180+1"]
[Date "2023.08.08"]
[WhiteClock "0:00:56"]
[BlackClock "0:00:48"]
[Board "73"]

1. c4 Nf6 2. Nc3 e5 3. g3 c6 4. Nf3 e4 5. Nd4 d5 6. cxd5 cxd5 7. d3 exd3 8. Qxd3 Nc6 9. Bg2 Bc5 10. Nb3 Bb4 11. O-O O-O 12. Nxd5 Nxd5 13. Qxd5 Qe7 14. Be3 Be6 15. Qe4 a5 16. Rac1 a4 17. Nc5 Bxa2 18. Qxe7 Nxe7 19. Nxb7 Rac8 20. Bc5 Bxc5 21. Nxc5 Bb3 22. Nxb3 axb3 23. Rfd1 g6 24. Be4 Rfe8 25. f3 Nf5 26. Kf2 Rb8 27. Bxf5 gxf5 28. Rd3 Re5 29. Rcc3 Reb5 30. Ke3 Kg7 31. h4 h5 32. Kf4 Kg6 33. Rd6+ f6 34. Rdd3 Re8 35. e4 fxe4 36. fxe4 Rb4 37. Re3 Re5 38. Rxb3 Rf5# 0-1


[Site "https://www.chess.com"]

[Event "Titled Tuesday Blitz August 08 Late 2023"]
[White "Attacker_2006"]
[Black "Dwilewicz, Katarzyna"]
[BlackFideId "1148486"]
[WhiteElo "2571"]
[BlackElo "2392"]
[Result "1-0"]
[Round "6"]
[TimeControl "180+1"]
[Date "2023.08.08"]
[WhiteClock "0:00:52"]
[BlackClock "0:00:03"]
[Board "74"]

1. e4 c5 2. Nc3 d6 3. d4 cxd4 4. Qxd4 Nc6 5. Qd2 g6 6. b3 Bh6 7. f4 e5 8. Nb5 Bxf4 9. Qxd6 Qxd6 10. Nxd6+ Ke7 11. Ba3 Ke6 12. Bc4+ Kf6 13. Nxf7 Nd4 14. Nxh8 Nxc2+ 15. Kf2 Nxa1 16. Bxg8 Be6 17. Bxe6 Kxe6 18. Ne2 Nc2 19. Nxf4+ exf4 20. Bb2 Nb4 21. Rd1 Rc8 22. Kf3 g5 23. Bg7 Nxa2 24. e5 Rc6 25. Kg4 Nc3 26. Rd8 Ne4 27. Re8+ Kd7 28. Rf8 Rb6 29. Kf5 Nc5 30. Bf6 a5 31. Rf7+ Ke8 32. Re7+ Kf8 33. Rxh7 Rxb3 34. Ng6+ Ke8 35. Re7+ Kd8 36. Rxb7+ Kc8 37. Rxb3 Nxb3 38. e6 a4 39. Nf8 Nc5 40. e7 1-0


[Site "https://www.chess.com"]

[Event "Titled Tuesday Blitz August 08 Late 2023"]
[White "Garrido Outon, Alex"]
[Black "Kula, Robert"]
[WhiteFideId "24516279"]
[BlackFideId "1101218"]
[WhiteElo "2528"]
[BlackElo "2258"]
[Result "1-0"]
[Round "6"]
[TimeControl "180+1"]
[Date "2023.08.08"]
[WhiteClock "0:01:53"]
[BlackClock "0:00:34"]
[Board "75"]

1. b3 d5 2. Bb2 c5 3. e3 Nc6 4. Bb5 Bd7 5. f4 Nf6 6. Nf3 e6 7. d3 Be7 8. Nbd2 O-O 9. O-O a6 10. Bxc6 Bxc6 11. Ne5 Rc8 12. Rf3 Nd7 13. Nxd7 Qxd7 14. Rh3 f5 15. Qh5 h6 16. Bxg7 Rf7 17. Be5 Bf6 18. Qg6+ Bg7 19. Rxh6 Kf8 20. Bxg7+ Rxg7 21. Rh8+ Ke7 22. Qxg7+ Kd6 23. Qe5+ Ke7 24. Rh7+ Ke8 25. Qh8# 1-0


[Site "https://www.chess.com"]